 Dungeon Crawl Stone Soup version 0.21.0-3-g78d12a8 (webtiles) character file.

1679874 dstrtn the Sniper (level 27, 259/324 HPs)
             Began as a Deep Dwarf Monk on Jan 9, 2018.
             Was a Believer of Elyvilon.
             Escaped with the Orb
             ... and 3 runes on Jan 17, 2018!
             The game lasted 07:41:26 (71097 turns).

dstrtn the Sniper (Deep Dwarf Monk)                Turns: 71097, Time: 07:41:27

Health: 259/324    AC: 52    Str: 21    XL:     27
Magic:  15/15      EV: 13    Int: 14    God:    Elyvilon [**....]
Gold:   328        SH:  0    Dex: 17    Spells: 12/30 levels left

rFire    + + +     SeeInvis +   c - +6 triple crossbow of Voycotyss {venom, *Slow rC+ rN++ SInv}
rCold    + + .     Gourm    .   (shield currently unavailable)
rNeg     + + +     Faith    .   f - +9 scales of the Dragon King {rPois rF+ rC+ MR+}
rPois    +         Spirit   .   w - +2 helmet
rElec    .         Reflect  .   i - +4 dragonskin cloak
rCorr    .         Harm     .   o - +1 pair of gloves of the Griffon {Slay+3}
MR       +++++                  r - +5 pair of boots of Quud {+Inv rPois Str-4 Stlth+}
Stlth    ..........             A - macabre finger necklace {rN+}
HPRegen  0.00/turn              W - +4 ring of slaying
MPRegen  0.14/turn              d - ring of fire
                                j - ring of protection from fire

@: non-regenerating
A: damage resistance, heal wounds, camouflage 1, agile 1, low mp 1, negative
energy resistance 1, sense surroundings 3, robust 2, subdued magic 1, no
regeneration
0: Orb of Zot
}: 3/15 runes: serpentine, barnacled, abyssal
a: Heal Wounds, Lesser Healing, Heal Other, Divine Protection, Renounce
Religion, Evoke Invisibility


You escaped.
You worshipped Elyvilon.
Elyvilon was pleased with you.
You were very full.

You visited 9 branches of the dungeon, and saw 46 of its levels.
You visited the Abyss 1 time.
You also visited: Labyrinth.

You collected 6820 gold pieces.
You spent 6492 gold pieces at shops.

Inventory:

Hand Weapons
 c - the +6 triple crossbow of Voycotyss (weapon) {venom, *Slow rC+ rN++ SInv}
   (You took it off a minotaur in a labyrinth)

   It poisons the ammo it fires.
   It protects you from cold.
   It greatly protects you from negative energy.
   It lets you see invisible.
   It may slow you when you take damage.
 q - a +9 glaive
 E - the +7 mace "Waeniocudd" {freeze, Str+4, unknown}
   (You found it on level 5 of the Realm of Zot)

   It has been specially enchanted to freeze those struck by it, causing extra
   injury to most foes and up to half again as much damage against particularly
   susceptible opponents.
   It can also slow down cold-blooded creatures.
   It affects your strength (+4).
Missiles
 x - 432 bolts (quivered)
 Z - 16 throwing nets {!f}
Armour
 a - a +2 cloak
 f - the +9 scales of the Dragon King (worn) {rPois rF+ rC+ MR+}
   (You found it on level 3 of the Vaults)

   It protects you from fire.
   It protects you from cold.
   It protects you from poison.
   It affects your resistance to hostile enchantments.
 i - the +4 dragonskin cloak (worn)
   (You took it off Tiamat on level 1 of the Realm of Zot)
 o - the +1 pair of gloves of the Griffon (worn) {Slay+3}
   (You found it on level 2 of the Abyss)

   It affects your accuracy and damage with ranged weapons and melee attacks
   (+3).
 r - the +5 pair of boots of Quud (worn) {+Inv rPois Str-4 Stlth+}
   (You bought it in a shop on level 2 of the Orcish Mines)

   It affects your strength (-4).
   It protects you from poison.
   It lets you turn invisible.
   It makes you more stealthy.
 w - a +2 helmet (worn)
Jewellery
 d - a ring of fire (right hand)
 j - a ring of protection from fire (on amulet)
 z - a +3 ring of evasion
 A - the macabre finger necklace (around neck) {rN+}
   (You bought it in a shop on level 4 of the Snake Pit)

   [amulet of nothing]

   It protects you from negative energy.
 G - an uncursed ring of resist corrosion
 O - an uncursed ring of flight
 R - an uncursed ring of protection from cold
 W - a +4 ring of slaying (left hand)
Wands
 b - a wand of acid (5)
 l - a wand of iceblast (39)
 K - a wand of paralysis (10)
 N - a wand of polymorph (12)
 U - a wand of disintegration (11)
Scrolls
 e - a scroll of teleportation
 n - 2 scrolls of blinking
 u - 10 scrolls of identify
 y - 18 scrolls of remove curse
 B - 3 scrolls of fear
 D - a scroll of holy word
 I - 4 scrolls of fog
Potions
 g - 2 potions of magic
 m - 20 potions of curing
 p - 2 potions of mutation {!q}
 v - 5 potions of might
 C - 8 potions of brilliance
 F - 2 potions of ambrosia
 H - 7 potions of lignification {!q}
 J - 6 potions of flight
 M - 7 potions of heal wounds
 Q - a potion of resistance {!q}
 T - 3 potions of cancellation {!q}
Miscellaneous
 h - a lamp of fire
 k - 2 boxes of beasts
 s - a phial of floods
 t - a lightning rod (4/4) {!a}
Comestibles
 L - 18 rations


   Skills:
 + Level 20.3 Fighting
   Level 3.0 Short Blades
   Level 3.8(11.4) Axes
 - Level 13.9(14.0) Polearms
 - Level 26.0 Crossbows
 - Level 21.0 Armour
 - Level 15.2 Dodging
 - Level 3.0 Stealth
 - Level 2.0 Spellcasting
 - Level 5.0 Hexes
 - Level 12.0 Translocations
 - Level 20.0 Invocations
 - Level 15.0 Evocations


You had 12 spell levels left.
You knew the following spells:

 Your Spells              Type           Power        Failure   Level  Hunger
a - Summon Butterflies    Summ           #.......     99%         1    ##.....
b - Lesser Beckoning      Tloc           ####......   9%          3    ####...
c - Portal Projectile     Hex/Tloc       ###...       36%         3    ####...
d - Song of Slaying       Chrm           #.......     100%        2    ###....
l - Blink                 Tloc           N/A          4%          2    ###....
m - Mephitic Cloud        Conj/Pois/Air  #.......     100%        3    ####...
o - Ozocubu's Armour      Chrm/Ice       #.......     100%        3    ####...
p - Apportation           Tloc           ####..       2%          1    ##.....


Dungeon Overview and Level Annotations

Branches:
Dungeon (15/15)            Temple (1/1) D:4            Lair (6/6) D:11
 Shoals (4/4) Lair:2        Snake (4/4) Lair:2        Slime (0/5) Lair:5
    Orc (2/2) D:12            Elf (0/3) Orc:2        Vaults (4/5) D:14
  Crypt (0/3) Vaults:3     Depths (5/5) D:15            Zot (5/5) Depths:5

Altars:
Ashenzari
Cheibriados
Elyvilon
Fedhas
Gozag
Kikubaaqudgha
Makhleb
Nemelex Xobeh
Qazlal
Ru
Sif Muna
Trog
Uskayaw
Vehumet
Xom
Yredelemnul
Zin
The Shining One
Lugonu

Shops:
D:9 :   D:12 [   Orc:1 *(   Orc:2 (=[*   Snake:3 }=}   Snake:4 =   Vaults:4 }
Depths:3 (

Portals:
Hell: Depths:1 Depths:2 Depths:3 Depths:4 Depths:5
Abyss: Depths:1 Depths:3 Depths:4 Depths:5
Pandemonium: Depths:3 Depths:5
Ziggurat: Depths:5
Trove: D:14 (give 7 scrolls of blinking)

Annotations:
D:1 exclusion: downstairs
D:7 exclusion: hippogriff, Inarius's ghost, novice DrIE
Shoals:3 exclusion: downstairs
Orc:1 dig
Depths:3 1 transporter
Depths:4 exclusion: downstairs
Depths:5 exclusion: ancient lich
Zot:3 exclusion: downstairs


Innate Abilities, Weirdness & Mutations

You are resistant to damage.
You can heal yourself by infusing magical energy.
You resist negative energy. (rN+)
You passively map a large area around you.
You do not regenerate.
Your skin changes colour to match your surroundings (Stealth+).
You are agile. (Dex +2)
Your magical capacity is low. (-10% MP)
You are very robust. (+20% HP)
Your spells are a little easier to cast, but a little less powerful.


Message History

The rust devil barely misses you.
A red devil, a balrug and 2 sun demons come into view.
The balrug is wielding a vampiric demon whip.
You see here a club.
A sun demon comes into view.
The sun demon shouts! x3
The balrug hits you but does no damage.
The sun demon moves out of view.
The red devil misses you.
There is an open door here.
Unknown command.
Really attack while wielding the +6 triple crossbow of Voycotyss {venom, *Slow rC+ rN++ SInv}?
Okay, then.
The sun demon misses you. The balrug gestures at you. Something smites you!
The sun demon hits you but does no damage.
There is a staircase leading out of the dungeon here.
Unknown command.
The rust devil misses you. The sun demon completely misses you.
You have escaped!

.#.....................##..## #.
.###+######............+...# #.
.....# #.......##...##.######.
.###.######........#.............
..............#..#.####..#.####..
..........#.........†......# #...
..........#...#####.#####..# #...
..........#...#...#.#...#..# #...
..........#...#.@.#.'...#..###...
#'#########...#43.#.#...#....#...
..............##4##.#####....#...
..............)o23...........##..
...#......#...#####.##'##....####
..........#...#...#)#...#........
##+##'#####...#...'.#.>.#.....##.
........# #...#...#.#...#......##
........# #...#####.#####.......÷


You could see a balrug, 2 sun demons, a rust devil, a red devil and an orc.

Vanquished Creatures
  Tiamat (Zot:1)
  5 ancient liches (Zot:5)
  4 orbs of fire
  Mennas (Depths:5)
  2 juggernauts
  Sojobo (Depths:5)
  Margery (Vaults:3)
  Saint Roka (Depths:5)
  Bai Suzhen (Shoals:3)
  5 Killer Klowns
  3 curse toes
  8 golden dragons
  A profane servitor (Abyss:3)
  4 bone dragons
  Jorgrun (Shoals:3)
  5 electric golems
  9 tentacled monstrosities
  26 Orb Guardians
  7 liches
  2 titans
  A kraken (Shoals:3)
  Polyphemus (Shoals:3)
  7 quicksilver dragons
  2 sphinxes
  Gastronok (Lair:3)
  9 tentacled starspawn (Abyss:3)
  5 tengu reavers
  12 draconian monks
  16 storm dragons
  14 death cobs
  5 shadow dragons
  Kirke (D:12)
  A revenant (Abyss:3)
  Ilsuiw (Shoals:4)
  9 nagarajas
  2 deep elf sorcerers
  7 vault wardens
  8 fire giants
  2 iron dragons
  12 frost giants
  Aizul (Depths:2)
  2 ghost moths
  A deep elf elementalist (Depths:4)
  4 draconian scorchers
  7 draconian shifters
  Louise (Depths:3)
  8 draconian knights
  A spriggan defender (Depths:3)
  A ghoul (Vaults:4)
  11 ironheart preservers
  An orc warlord (Orc:2)
  6 draconian annihilators
  6 draconian stormcallers
  3 reapers (Abyss:3)
  A war gargoyle (Abyss:3)
  37 very ugly things
  9 green draconians
  2 entropy weavers
  13 stone giants
  4 vampire knights
  3 deep elf annihilators
  8 black draconians
  6 red draconians
  5 white draconians
  12 purple draconians
  7 spark wasps
  16 yellow draconians
  An eidolon (Abyss:3)
  5 merfolk javelineers
  A minotaur (Lab)
  18 yaktaur captains
  2 jiangshi
  A deep elf death mage (Vaults:2)
  18 fire dragons
  14 ettins
  2 green deaths (Abyss:3)
  14 ogre magi
  15 great orbs of eyes
  13 merfolk impalers
  15 ice dragons
  17 naga warriors
  4 hydras
  6 rakshasas
  7 vault guards
  2 catoblepae (Abyss:3)
  6 merfolk avatars
  2 anacondas
  3 death knights
  4 spriggan air magi (Depths:2)
  36 two-headed ogres
  11 centaur warriors
  2 merfolk aquamancers
  An alligator snapping turtle (Shoals:4)
  4 death yaks
  8 deep troll shamans
  2 satyrs
  4 tengu warriors
  7 naga sharpshooters
  4 shock serpents
  4 thrashing horrors
  5 orc high priests
  A vampire mage (Depths:4)
  7 spriggan berserkers
  10 deep troll earth magi
  17 hell knights
  3 salamander mystics
  2 shadow wraiths
  7 wretched stars (Abyss:3)
  A soul eater (Abyss:3)
  A spatial maelstrom (Abyss:3)
  6 iron trolls
  16 sea snakes
  2 sixfirhies (Abyss:3)
  20 small abominations
  6 deep elf knights
  2 flayed ghosts
  A death drake (Abyss:3)
  A fire crab (shapeshifter) (Depths:2)
  9 skeletal warriors
  A golden dragon zombie (Abyss:3)
  3 unseen horrors
  A swamp dragon (Lair:6)
  A ghost moth zombie (Abyss:3)
  A deep troll (shapeshifter) (Vaults:3)
  8 glowing orange brains
  A death drake (shapeshifter) (Vaults:1)
  7 naga ritualists
  5 deep elf archers
  5 ironbrand convokers
  5 wizards
  A kraken simulacrum (Shoals:4)
  2 wolf spider zombies
  22 deep trolls
  2 lindwurms (Lair:6)
  6 necromancers
  4 phantasmal warriors
  12 orc knights
  11 harpies
  8 deep elf magi
  2 shadow dragon skeletons (Depths:4)
  A harpy (shapeshifter) (D:14)
  An orb spider (shapeshifter) (Vaults:1)
  4 wolf spiders
  71 ugly things
  A cyclops (D:11)
  6 orc sorcerers
  A shining eye (shapeshifter) (Depths:2)
  8 mana vipers
  A fire giant zombie (Depths:1)
  10 manticores
  26 moths of wrath
  4 worldbinders (Abyss:3)
  13 merfolk sirens
  5 fauns
  4 elephants
  3 frost giant skeletons
  9 salamanders
  14 vault sentinels
  7 guardian serpents
  8 apocalypse crabs (Abyss:3)
  5 water nymphs
  2 elf zombies
  20 naga magi
  3 rust devils (Abyss:3)
  16 black mambas
  9 smoke demons
  6 spiny frogs
  An orange demon (Abyss:3)
  2 hellions
  4 gargoyles
  A kobold demonologist (D:14)
  4 torpor snails (Lair:6)
  2 rime drakes (shapeshifter)
  A yaktaur (shapeshifter) (Vaults:3)
  3 efreet
  7 komodo dragons
  8 freezing wraiths
  5 hellwings
  A silent spectre (Abyss:3)
  A tengu conjurer (D:10)
  42 yaktaurs
  8 catoblepas skeletons (Abyss:3)
  A red devil (Zot:5)
  10 ancient zymes (Abyss:3)
  A tengu simulacrum (Depths:4)
  8 trolls
  A meliai (shapeshifter) (Vaults:2)
  9 wind drakes
  5 polar bears
  A queen bee (D:8)
  12 slime creatures
  36 merfolk
  24 raiju (Abyss:3)
  3 tyrant leeches (Lair:6)
  11 hornets
  16 blink frogs
  A dream sheep (Zot:3)
  10 hippogriffs
  A raiju (shapeshifter) (Vaults:2)
  A hydra skeleton (Abyss:3)
  A fire giant simulacrum (Vaults:1)
  A stone giant simulacrum (Vaults:4)
  9 snapping turtles
  6 air elementals
  A shadow (D:12)
  4 spriggans
  A flying skull (Abyss:3)
  4 vampires
  A redback (Vaults:2)
  A yak (shapeshifter) (Depths:4)
  A hog (D:13)
  19 water elementals
  42 yaks
  8 ynoxinuls (Abyss:3)
  2 fire dragon skeletons (Abyss:3)
  An ice dragon skeleton (Abyss:3)
  The ghost of asthiss the Covered, an amateur MiFi of Okawaru (D:4)
  9 basilisks
  A human (shapeshifter) (Depths:1)
  A wraith (Abyss:3)
  3 wyverns
  2 steam dragons
  5 chaos spawn (Abyss:3)
  A human simulacrum (Vaults:1)
  6 neqoxecs (Abyss:3)
  21 vampire mosquitoes
  22 large abominations
  3 hungry ghosts
  6 insubstantial wisps (Abyss:3)
  62 nagas
  3 wargs
  3 acid dragons
  A hell hound (Abyss:3)
  A spatial vortex (Abyss:3)
  8 water moccasins
  7 porcupines
  4 ice beasts
  A floating eye (shapeshifter) (Depths:4)
  2 floating eyes (Depths:2)
  2 swamp drakes (Lair:6)
  43 orc warriors
  6 black bears (Lair:3)
  42 starcursed masses (Abyss:3)
  4 sky beasts
  A swamp dragon zombie (Abyss:1)
  5 phantoms
  An eye of draining (Abyss:3)
  38 ogres
  5 boggarts
  The ghost of Monsterracer the Poker, an amateur MfAE (D:5)
  25 centaurs
  14 crocodiles
  4 big kobolds (D:12)
  16 bullfrogs
  A bullfrog (shapeshifter) (Depths:5)
  A glowing shapeshifter simulacrum (Depths:4)
  9 earth elementals (Abyss:3)
  An ogre simulacrum (Vaults:1)
  3 gnoll sergeants (D:12)
  A deep troll simulacrum (Vaults:1)
  A water moccasin skeleton (D:7)
  2 scorpions (D:14)
  19 killer bees
  9 wights
  A howler monkey (D:6)
  6 crimson imps
  5 centaur zombies
  4 bullfrog zombies
  5 hounds
  4 jellies
  3 quasits
  20 orc priests
  2 bullfrog skeletons
  A centaur skeleton (D:9)
  A gnoll shaman (D:9)
  25 orc wizards
  2 iron imps
  6 iguanas
  Natasha (D:3)
  7 hell rats (Lair:6)
  8 worker ants
  A hound zombie (D:11)
  A howler monkey zombie (D:11)
  A worker ant zombie (D:6)
  10 gnolls
  An adder (shapeshifter) (Depths:2)
  23 adders
  2 howler monkey skeletons
  9 shadow imps
  4 white imps
  4 ufetubi
  9 oozes
  2 adder skeletons (D:4)
  2 adder zombies
  A worm (D:2)
  5 dart slugs
  11 leopard geckos
  82 orcs
  2 ball pythons (D:1)
  6 bats
  7 giant cockroaches
  7 goblins
  7 hobgoblins
  12 jackals
  20 kobolds
  3 quokkas
  A ball python skeleton (D:4)
  5 frilled lizards
  A leopard gecko zombie (D:6)
  7 rats
  A crawling corpse (Vaults:2)
  2 lurking horrors (Abyss:3)
  5 plants
  8 starspawn tentacles (Abyss:3)
2249 creatures vanquished.

Vanquished Creatures (collateral kills)
  An ancient lich (Zot:5)
  An Orb Guardian (Zot:5)
  A vault warden (Vaults:2)
  A spriggan defender (Depths:4)
  A stone giant (Depths:4)
  A merfolk javelineer (Shoals:4)
  A vault guard (Vaults:4)
  An ogre mage (Vaults:4)
  A deep troll shaman (Depths:1)
  A naga sharpshooter (Snake:4)
  4 harpies
  A hell knight (Vaults:3)
  A shadow wraith (D:14)
  A deep troll (Depths:1)
  A deep elf archer (Vaults:1)
  A flayed ghost (Depths:4)
  2 large abominations (Abyss:3)
  An ugly thing (Vaults:4)
  A black mamba (Snake:4)
  A merfolk siren (Shoals:4)
  A vault sentinel (Vaults:4)
  A yaktaur (Vaults:2)
  An ancient zyme (Abyss:3)
  2 raiju (Abyss:3)
  A naga (Snake:4)
  An ogre (Vaults:3)
  8 starcursed masses (Abyss:3)
  A starspawn tentacle (Abyss:3)
40 creatures vanquished.

Vanquished Creatures (others)
  Asterion (Depths:3)
  A draconian monk (Zot:4)
  A vault warden (Vaults:4)
  A green draconian (Zot:2)
  A catoblepas (Shoals:3)
  A centaur warrior (D:13)
  A deep troll shaman (Vaults:4)
  A two-headed ogre (Depths:2)
  A deep troll earth mage (Vaults:3)
  A hell knight (Vaults:3)
  A deep troll (Depths:4)
  An ironbrand convoker (Vaults:1)
  A harpy (Shoals:1)
  A mana viper (Snake:2)
  A wolf spider (shapeshifter) (Vaults:1)
  A moth of wrath (Zot:3)
  A black mamba (Lair:2)
  2 freezing wraiths
  2 merfolk (Shoals:4)
  A snapping turtle (Shoals:4)
  A wind drake (Shoals:4)
  A slime creature (Vaults:3)
  5 dream sheep (D:3)
  A redback (Vaults:2)
  3 humans (D:13)
  A small abomination (Abyss:3)
  A basilisk (Lair:6)
  2 nagas
  A floating eye (shapeshifter) (Vaults:1)
  A porcupine (Lair:2)
  2 ogres (Depths:2)
  A centaur (D:14)
  A crocodile (Lair:2)
  An earth elemental (Abyss:3)
  A wight (D:13)
  An orc wizard (D:7)
  3 orcs
  A quokka zombie (D:7)
  16 fungi
  41 plants
  26 starspawn tentacles (Abyss:3)
  37 tentacles
  7 toadstools (D:4)
177 creatures vanquished.

Grand Total: 2466 creatures vanquished

Notes
Turn   | Place    | Note
-------+----------+-------------------------------------------
     0 | D:1      | dstrtn the Deep Dwarf Monk began the quest for the Orb.
     0 | D:1      | Reached XP level 1. HP: 20/20 MP: 1/1
   100 | D:1      | Reached XP level 2. HP: 18/27 MP: 2/2
   473 | D:1      | Reached XP level 3. HP: 22/34 MP: 3/3
  1353 | D:2      | Reached XP level 4. HP: 24/44 MP: 0/4
  1558 | D:2      | Reached skill level 1 in Short Blades
  2004 | D:3      | Reached XP level 5. HP: 29/50 MP: 5/5
  2034 | D:3      | Noticed a dream sheep
  2034 | D:3      | Noticed a dream sheep
  2034 | D:3      | Noticed a dream sheep
  2034 | D:3      | Noticed a dream sheep
  2034 | D:3      | Noticed a dream sheep
  2034 | D:3      | Found a shimmering altar of Xom.
  2039 | D:3      | Killed a dream sheep
  2039 | D:3      | Killed a dream sheep
  2039 | D:3      | Killed a dream sheep
  2039 | D:3      | Killed a dream sheep
  2039 | D:3      | Killed a dream sheep
  2144 | D:3      | Found a snail-covered altar of Cheibriados.
  2145 | D:3      | Noticed Natasha
  2153 | D:3      | Found a deep blue altar of Sif Muna.
  2259 | D:3      | Found a sacrificial altar of Ru.
  2344 | D:3      | Killed Natasha
  2510 | D:4      | Found a staircase to the Ecumenical Temple.
  2516 | Temple   | Entered the Ecumenical Temple
  2526 | Temple   | Became a worshipper of Elyvilon the Healer
  2526 | Temple   | Reached * piety under Elyvilon
  2526 | Temple   | Reached ** piety under Elyvilon
  2671 | D:4      | Found a radiant altar of Vehumet.
  2692 | D:4      | Reached skill level 1 in Invocations
  2761 | D:4      | Reached skill level 1 in Evocations
  2781 | D:4      | Noticed a phantom
  2877 | D:4      | Killed a phantom
  2877 | D:4      | Reached skill level 1 in Crossbows
  2877 | D:4      | Reached XP level 6. HP: 26/58 MP: 6/8
  3192 | D:5      | Entered Level 5 of the Dungeon
  3330 | D:5      | Found a transporter.
  3384 | D:5      | Found a glowing golden altar of the Shining One.
  3384 | D:5      | Reached skill level 2 in Crossbows
  3384 | D:5      | Reached XP level 7. HP: 52/66 MP: 10/10
  3407 | D:5      | Reached skill level 1 in Armour
  3459 | D:5      | Noticed Monsterracer's ghost (amateur MfAE)
  3662 | D:5      | Found a blossoming altar of Fedhas.
  3684 | D:5      | Reached skill level 5 in Invocations
  3743 | D:5      | Found a transporter.
  4004 | D:4      | Noticed asthiss's ghost (amateur MiFi)
  4475 | D:6      | Reached XP level 8. HP: 33/73 MP: 10/13
  4879 | D:7      | Reached *** piety under Elyvilon
  4879 | D:7      | Noticed Inarius's ghost (novice DrIE)
  4915 | D:7      | Noticed a hippogriff
  5002 | D:7      | Reached skill level 5 in Evocations
  5219 | D:7      | Reached skill level 5 in Fighting
  6001 | D:8      | Found a burning altar of Makhleb.
  6123 | D:8      | Noticed a two-headed ogre
  6157 | D:8      | Found a sparkling altar of Nemelex Xobeh.
  6212 | D:8      | Noticed a queen bee
  6216 | D:8      | Killed a queen bee
  6216 | D:8      | Reached skill level 10 in Invocations
  6216 | D:8      | Gained mutation: You passively map the area around you. [Deep Dwarf growth]
  6216 | D:8      | Reached XP level 9. HP: 75/82 MP: 16/16
  6655 | D:8      | HP: 3/82 [two-headed ogre/giant spiked club (26)]
  6983 | D:9      | Found Fane's Book Boutique.
  6987 | D:9      | Bought a book of Minor Magic for 260 gold pieces
  6990 | D:9      | Learned a level 2 spell: Blink
  7100 | D:9      | Found a hide-covered altar of Uskayaw.
  7167 | D:9      | Reached skill level 1 in Translocations
  7188 | D:9      | Noticed a brown ugly thing
  7505 | D:9      | Killed a brown ugly thing
  7562 | D:9      | Reached **** piety under Elyvilon
  7698 | D:9      | Found a glowing silver altar of Zin.
  7795 | D:9      | Reached skill level 5 in Translocations
  7795 | D:9      | Reached XP level 10. HP: 65/92 MP: 18/18
  7936 | D:10     | Entered Level 10 of the Dungeon
  7954 | D:10     | Reached skill level 1 in Spellcasting
  8118 | D:10     | Found a bloodstained altar of Trog.
  8642 | D:10     | Reached skill level 5 in Dodging
  8682 | D:10     | Noticed a two-headed ogre
  8698 | D:10     | Killed a two-headed ogre
  8763 | D:10     | Reached ***** piety under Elyvilon
  9098 | D:5      | Killed Monsterracer's ghost
  9273 | D:4      | Killed asthiss's ghost
  9742 | D:11     | Killed an unseen horror
  9742 | D:11     | Reached skill level 5 in Polearms
  9995 | D:11     | Noticed a two-headed ogre
 10003 | D:11     | Killed a two-headed ogre
 10022 | D:11     | Reached XP level 11. HP: 75/99 MP: 19/19
 10036 | D:11     | Found a labyrinth entrance.
 10045 | Lab      | Entered a labyrinth
 10256 | Lab      | Noticed a minotaur
 10261 | Lab      | Killed a minotaur
 10263 | Lab      | Got a brightly glowing triple crossbow
 10269 | Lab      | Identified the Catalogue of Mutualism
 10283 | Lab      | Identified the +6 triple crossbow of Voycotyss {venom, *Slow rC+ rN++ SInv} (You took it off a minotaur in a labyrinth)
 10392 | D:11     | Noticed a skeletal warrior
 10392 | D:11     | Noticed a skeletal warrior
 10392 | D:11     | Noticed a skeletal warrior
 10502 | D:11     | Noticed a skeletal warrior
 10514 | D:10     | Killed a skeletal warrior
 10566 | D:10     | Killed a skeletal warrior
 10857 | D:11     | HP: 1/99 [cyclops (24)]
 10934 | D:11     | Killed a skeletal warrior
 10955 | D:11     | Killed a skeletal warrior
 11214 | D:11     | Reached skill level 10 in Polearms
 11354 | D:11     | Found a staircase to the Lair.
 11541 | Lair:1   | Entered Level 1 of the Lair of Beasts
 11723 | Lair:1   | Reached XP level 12. HP: 58/106 MP: 20/20
 12338 | Lair:1   | Reached skill level 3 in Crossbows
 12784 | Lair:2   | Reached skill level 4 in Crossbows
 13347 | Lair:2   | Reached skill level 5 in Crossbows
 13363 | Lair:2   | Found a staircase to the Shoals.
 13465 | Lair:2   | Found a staircase to the Snake Pit.
 13842 | Lair:3   | Noticed Gastronok
 13878 | Lair:3   | Got an ancient leather armour
 13910 | Lair:3   | Identified the +0 leather armour of Gravitas {+Fly rF+} (You found it on level 3 of the Lair of Beasts)
 14393 | Lair:4   | Reached skill level 6 in Crossbows
 14555 | Lair:4   | Reached XP level 13. HP: 88/117 MP: 22/22
 14628 | Lair:4   | Reached skill level 7 in Crossbows
 15111 | Lair:4   | Reached skill level 8 in Crossbows
 15414 | Lair:5   | Learned a level 3 spell: Mephitic Cloud
 15418 | Lair:5   | Learned a level 3 spell: Ozocubu's Armour
 15456 | Lair:5   | Learned a level 1 spell: Apportation
 15458 | Lair:5   | Learned a level 1 spell: Summon Butterflies
 15462 | Lair:5   | Learned a level 3 spell: Lesser Beckoning
 15498 | Lair:5   | Found a staircase to the Slime Pits.
 15701 | Lair:5   | Reached skill level 9 in Crossbows
 15924 | Lair:6   | Entered Level 6 of the Lair of Beasts
 16029 | Lair:6   | Got a fine robe
 16030 | Lair:6   | Identified the +0 robe "Jiovux" {Int+6 Dex+4} (You found it on level 6 of the Lair of Beasts)
 16891 | D:12     | Paralysed by a hornet for 1 turns
 17026 | D:12     | Found Obajuhaf's Antique Armour Shoppe.
 17031 | D:12     | Bought a glowing cloak for 277 gold pieces
 17236 | D:12     | Reached skill level 5 in Armour
 17386 | D:12     | Reached skill level 10 in Crossbows
 17560 | D:12     | Found a staircase to the Orcish Mines.
 17653 | Orc:1    | Entered Level 1 of the Orcish Mines
 17894 | Orc:1    | Found Kazalup's General Store.
 17906 | Orc:1    | Bought a scroll of fear for 49 gold pieces
 18157 | Orc:1    | Found Rymo's Weapon Shop.
 18187 | Orc:1    | Noticed an ettin
 18261 | Orc:1    | Killed an ettin
 18450 | Orc:2    | Entered Level 2 of the Orcish Mines
 18503 | Orc:2    | Found a staircase to the Elven Halls.
 18851 | Orc:2    | Gained mutation: You resist negative energy. (rN+) [Deep Dwarf growth]
 18851 | Orc:2    | Reached XP level 14. HP: 103/126 MP: 24/24
 19029 | Orc:2    | Noticed an orc warlord
 19223 | Orc:2    | Killed an orc warlord
 20084 | Orc:2    | Found Ujurr's General Store.
 20085 | Orc:2    | Found Qeonogyas's Jewellery Boutique.
 20088 | Orc:2    | Found Lutinle's Antique Armour Boutique.
 20088 | Orc:2    | Found Osusoogurgh's Antique Weapon Shop.
 20239 | Orc:2    | Bought a box of beasts for 280 gold pieces
 20239 | Orc:2    | Bought a potion of agility for 56 gold pieces
 20239 | Orc:2    | Bought a scroll of identify for 28 gold pieces
 20239 | Orc:2    | Bought a scroll of identify for 28 gold pieces
 20252 | Orc:2    | Bought a +3 ring of evasion for 273 gold pieces
 20279 | Orc:2    | Bought a pair of bloodstained boots for 247 gold pieces
 20289 | Orc:2    | Identified the +5 pair of boots of Quud {+Inv rPois Str-4 Stlth+} (You bought it in a shop on level 2 of the Orcish Mines)
 20412 | D:12     | Bought a steaming scale mail for 333 gold pieces
 20422 | D:12     | Identified the cursed +0 scale mail of the Heavens {rElec Str-5 Int+8} (You bought it in a shop on level 12 of the Dungeon)
 20820 | D:13     | Noticed Kirke
 20839 | D:12     | Killed Kirke
 22297 | D:14     | Reached skill level 11 in Crossbows
 22364 | D:14     | Reached XP level 15. HP: 111/132 MP: 26/26
 22411 | D:14     | Found a blossoming altar of Fedhas.
 22459 | D:14     | Found a gate to the Vaults.
 22484 | D:14     | Learned a level 3 spell: Portal Projectile
 22581 | D:12     | Bought a heavily runed ring mail for 333 gold pieces
 22591 | D:12     | Identified the cursed +0 ring mail "Xosiqiry" {rElec SInv} (You bought it in a shop on level 12 of the Dungeon)
 22778 | D:14     | Found a portal to a secret trove of treasure.
 22812 | D:14     | Reached skill level 10 in Armour
 23025 | D:15     | Entered Level 15 of the Dungeon
 23049 | D:15     | Found a staircase to the Depths.
 23049 | D:15     | Noticed a fire giant
 23055 | D:15     | Killed a fire giant
 23055 | D:15     | Reached skill level 15 in Invocations
 24873 | Lair:6   | Found a runed door.
 25215 | Lair:3   | Killed Gastronok
 25450 | Snake:1  | Entered Level 1 of the Snake Pit
 25450 | Snake:1  | Noticed a nagaraja
 25462 | Snake:1  | Killed a nagaraja
 26022 | Snake:1  | Reached skill level 12 in Crossbows
 27099 | Snake:3  | Reached XP level 16. HP: 109/144 MP: 27/27
 27458 | Snake:3  | Reached skill level 1 in Hexes
 27756 | Snake:3  | Found Fush's Gadget Shop.
 27756 | Snake:3  | Found Pyatweg's Jewellery Shoppe.
 27757 | Snake:3  | Found Niunn's Gadget Shop.
 27770 | Snake:3  | Bought a wand of digging (10) for 448 gold pieces
 27781 | Snake:3  | Bought a wand of enslavement (8) for 160 gold pieces
 27928 | Snake:3  | Reached skill level 10 in Translocations
 28141 | Snake:4  | Entered Level 4 of the Snake Pit
 28159 | Snake:4  | Reached skill level 13 in Crossbows
 28464 | Snake:4  | Reached skill level 10 in Evocations
 28694 | Snake:4  | Found Ocatoc's Jewellery Shoppe.
 29643 | Snake:4  | Reached skill level 10 in Fighting
 29778 | Snake:4  | Reached skill level 14 in Crossbows
 30187 | Snake:4  | Reached XP level 17. HP: 153/153 MP: 29/29
 30392 | Snake:4  | Got a serpentine rune of Zot
 30572 | Shoals:1 | Entered Level 1 of the Shoals
 32318 | Shoals:3 | Noticed Jorgrun
 32328 | Shoals:3 | Killed Jorgrun
 32328 | Shoals:3 | Reached skill level 15 in Crossbows
 32646 | Shoals:3 | Reached skill level 5 in Hexes
 33018 | Shoals:3 | Noticed a kraken
 33021 | Shoals:3 | Noticed Bai Suzhen
 33239 | Shoals:3 | Noticed Polyphemus
 33279 | Shoals:3 | Killed Polyphemus
 33370 | Shoals:3 | Killed Bai Suzhen
 33753 | Shoals:3 | Killed a kraken
 33771 | Shoals:4 | Entered Level 4 of the Shoals
 33771 | Shoals:4 | Noticed Ilsuiw
 34457 | Shoals:4 | Killed Ilsuiw
 34457 | Shoals:4 | Reached skill level 16 in Crossbows
 34705 | Shoals:4 | Gained mutation: You passively map a large area around you. [Deep Dwarf growth]
 34705 | Shoals:4 | Reached XP level 18. HP: 86/160 MP: 31/31
 35114 | Shoals:4 | Was placed under penance by Elyvilon
 36401 | Shoals:4 | Got a barnacled rune of Zot
 36707 | Vaults:1 | Entered Level 1 of the Vaults
 36740 | Vaults:1 | Reached skill level 17 in Crossbows
 37168 | Vaults:1 | Was forgiven by Elyvilon
 38749 | Vaults:1 | Reached skill level 18 in Crossbows
 39069 | Vaults:1 | Got a steaming plate armour
 39089 | Vaults:1 | Identified the +4 plate armour "Anom" {*Slow rElec rF+ rN+} (You found it on level 1 of the Vaults)
 40342 | Vaults:2 | Reached XP level 19. HP: 148/165 MP: 31/31
 40391 | Vaults:2 | Reached skill level 19 in Crossbows
 41771 | Vaults:2 | Reached skill level 20 in Crossbows
 41975 | Vaults:3 | Identified a scroll of acquirement
 42175 | Vaults:3 | Found the +9 scales of the Dragon King {rPois rF+ rC+ MR+}
 42326 | Vaults:3 | Noticed Margery
 42727 | Vaults:3 | Reached skill level 21 in Crossbows
 43134 | Vaults:3 | Killed Margery
 43441 | Vaults:3 | Found a staircase to the Crypt.
 43441 | Vaults:3 | Found a basalt altar of Yredelemnul.
 43441 | Vaults:3 | Found an ancient bone altar of Kikubaaqudgha.
 43523 | Vaults:3 | Got a heavily runed buckler
 43699 | Vaults:4 | Found Xaingawain's Gadget Shoppe.
 43757 | Vaults:4 | Bought a wand of acid (11) for 510 gold pieces
 43757 | Vaults:4 | Bought a lamp of fire for 680 gold pieces
 43781 | Vaults:4 | Reached XP level 20. HP: 176/176 MP: 33/33
 43993 | Vaults:4 | Reached skill level 22 in Crossbows
 45521 | Vaults:4 | Reached skill level 23 in Crossbows
 45623 | Vaults:4 | Bought a wand of enslavement (6) for 136 gold pieces
 45623 | Vaults:4 | Bought a wand of paralysis (5) for 119 gold pieces
 46201 | Depths:1 | Entered Level 1 of the Depths
 46311 | Depths:1 | Found a gateway to Hell.
 46381 | Depths:1 | Found a one-way gate to the infinite horrors of the Abyss.
 47525 | Depths:2 | Noticed Aizul
 47535 | Depths:2 | Killed Aizul
 47686 | Depths:2 | Reached skill level 24 in Crossbows
 47927 | Depths:2 | Found a shattered altar of Ashenzari.
 47927 | Depths:2 | Found a glowing golden altar of the Shining One.
 47928 | Depths:2 | Found a stormy altar of Qazlal.
 48021 | Depths:2 | Reached XP level 21. HP: 131/183 MP: 34/34
 48041 | Depths:2 | Noticed a golden dragon
 48049 | Depths:2 | Killed a golden dragon
 48317 | Depths:2 | Got a warped falchion {vamp}
 48399 | Depths:2 | Reached skill level 25 in Crossbows
 48651 | Depths:2 | Noticed a juggernaut
 48661 | Depths:2 | Killed a juggernaut
 48958 | Depths:2 | Learned a level 2 spell: Song of Slaying
 49254 | Depths:3 | Found a one-way gate leading to the halls of Pandemonium.
 49527 | Depths:3 | Noticed Asterion
 49540 | Depths:3 | Killed Asterion
 49540 | Depths:3 | Reached skill level 26 in Crossbows
 49623 | Depths:3 | Noticed Louise
 49633 | Depths:3 | Killed Louise
 49862 | Depths:3 | Found a transporter.
 49868 | Depths:3 | Found a deep blue altar of Sif Muna.
 49943 | Depths:3 | Found Womah's Antique Weapon Emporium.
 50465 | Depths:3 | Reached XP level 22. HP: 148/190 MP: 35/35
 51964 | Depths:4 | Noticed a juggernaut
 51973 | Depths:4 | Killed a juggernaut
 52529 | Depths:4 | Voluntarily entered the Abyss.
 52630 | Abyss:2  | Got a pair of translucent gloves
 52641 | Abyss:2  | Identified the +1 pair of gloves of the Griffon {Slay+3} (You found it on level 2 of the Abyss)
 52761 | Abyss:3  | Paralysed by accursed screaming for 1 turns
 52811 | Abyss:3  | Paralysed by accursed screaming for 1 turns
 53132 | Abyss:3  | Found a blossoming altar of Fedhas.
 53140 | Abyss:3  | Reached skill level 10 in Dodging
 53156 | Abyss:3  | Reached skill level 15 in Armour
 53172 | Abyss:3  | Paralysed by you for 7 turns
 53849 | Abyss:3  | Gained mutation: You expend magic power (3 MP) to strengthen your wands. [a neqoxec]
 53859 | Abyss:3  | Found a corrupted altar of Lugonu.
 53894 | Abyss:3  | Reached XP level 23. HP: 175/204 MP: 36/36
 53991 | Abyss:3  | Gained mutation: Your skin changes colour to match your surroundings (Stealth+). [a neqoxec]
 54319 | Abyss:3  | Gained mutation: You are partially covered in icy blue scales. (AC +2) [a neqoxec]
 54326 | Abyss:3  | Gained mutation: Armour fits poorly on your strangely shaped body. [a neqoxec]
 54369 | Abyss:3  | Gained mutation: You are extremely frail. (-30% HP) [a neqoxec]
 54478 | Abyss:3  | Paralysed by accursed screaming for 1 turns
 54481 | Abyss:3  | Paralysed by accursed screaming for 1 turns
 54888 | Abyss:3  | Got an abyssal rune of Zot
 54994 | Abyss:3  | Found a corrupted altar of Lugonu.
 55087 | Depths:4 | Escaped the Abyss
 55125 | Depths:5 | Entered Level 5 of the Depths
 55135 | Depths:5 | Noticed Mennas
 55157 | Depths:5 | Killed Mennas
 55283 | Depths:5 | Noticed Sojobo
 55978 | Snake:3  | Bought a box of beasts for 320 gold pieces
 55982 | Snake:3  | Bought a box of beasts for 320 gold pieces
 55982 | Snake:3  | Bought a box of beasts for 320 gold pieces
 55986 | Snake:3  | Bought a wand of acid (5) for 288 gold pieces
 56491 | Depths:5 | Noticed Saint Roka
 56523 | Depths:5 | Killed Saint Roka
 56569 | Depths:5 | Killed Sojobo
 56719 | Depths:5 | Found a gate to the Realm of Zot.
 56949 | Depths:5 | Reached XP level 24. HP: 169/196 MP: 35/36
 57060 | Depths:5 | Identified Sif Muna's Catalogue of the Lethal Voyage
 57108 | Depths:5 | Found a corrupted altar of Lugonu.
 57199 | Depths:5 | Found a gateway to a ziggurat.
 57201 | Depths:5 | Noticed an ancient lich
 57993 | Zot:1    | Entered Level 1 of the Realm of Zot
 58282 | Zot:1    | Noticed Tiamat
 58343 | Zot:1    | Killed Tiamat
 58682 | Zot:1    | Lost mutation: You are partially covered in icy blue scales. (AC +2) [potion of mutation]
 58682 | Zot:1    | Gained mutation: You are dopey. (Int -2) [potion of mutation]
 58682 | Zot:1    | Gained mutation: You have large cloven feet. [potion of mutation]
 58683 | Zot:1    | Lost mutation: Armour fits poorly on your strangely shaped body. [potion of mutation]
 58683 | Zot:1    | Lost mutation: You are frail. (-10% HP) [potion of mutation]
 58683 | Zot:1    | Gained mutation: Your spells are a little easier to cast, but a little less powerful. [potion of mutation]
 58683 | Zot:1    | Gained mutation: You are robust. (+10% HP) [potion of mutation]
 59176 | Zot:1    | Noticed an orb of fire
 59177 | Zot:1    | Gained mutation: You are agile. (Dex +2) [an orb of fire]
 59179 | Zot:1    | Lost mutation: You have large cloven feet. [an orb of fire]
 59189 | Depths:5 | Killed an orb of fire
 59189 | Depths:5 | Reached skill level 15 in Fighting
 59756 | Zot:1    | Reached skill level 15 in Evocations
 59756 | Zot:1    | Reached XP level 25. HP: 195/257 MP: 31/33
 60383 | Snake:3  | Bought an uncursed ring of fire for 275 gold pieces
 63898 | Snake:4  | Bought the macabre finger necklace {rN+} for 640 gold pieces
 63898 | Snake:4  | Found the macabre finger necklace {rN+}
 65199 | Zot:4    | Reached XP level 26. HP: 204/278 MP: 33/33
 65974 | Zot:4    | Found a corrupted altar of Lugonu.
 66025 | Zot:4    | Identified the Catalogue of the Zealot
 66040 | Zot:4    | Identified the Tome of Fire and Brimstone
 66080 | Zot:5    | Entered Level 5 of the Realm of Zot
 66906 | Orc:2    | Bought a potion of mutation for 112 gold pieces
 68304 | Zot:5    | Noticed an orb of fire
 68312 | Zot:5    | Gained mutation: You are very dopey. (Int -4) [an orb of fire]
 68320 | Zot:5    | Noticed an orb of fire
 68324 | Zot:5    | Noticed an orb of fire
 68324 | Zot:5    | Lost mutation: You are very dopey. (Int -4) [an orb of fire]
 68335 | Zot:5    | Gained mutation: You are occasionally teleported next to monsters. [an orb of fire]
 68340 | Zot:5    | Gained mutation: You are very robust. (+20% HP) [an orb of fire]
 68341 | Zot:5    | Killed an orb of fire
 68457 | Zot:4    | Gained mutation: Your body sometimes deteriorates upon taking damage. [an orb of fire]
 68459 | Zot:4    | Gained mutation: Scrolls take you a little longer to read. [an orb of fire]
 68461 | Zot:4    | Killed an orb of fire
 68473 | Zot:4    | Killed an orb of fire
 68477 | Zot:4    | Lost mutation: Scrolls take you a little longer to read. [potion of mutation]
 68477 | Zot:4    | Lost mutation: You are dopey. (Int -2) [potion of mutation]
 68477 | Zot:4    | Lost mutation: You are occasionally teleported next to monsters. [potion of mutation]
 68477 | Zot:4    | Lost mutation: You expend magic power (3 MP) to strengthen your wands. [potion of mutation]
 68477 | Zot:4    | Lost mutation: Your body sometimes deteriorates upon taking damage. [potion of mutation]
 68477 | Zot:4    | Gained mutation: Your magical capacity is low. (-10% MP) [potion of mutation]
 68477 | Zot:4    | Gained mutation: You are dopey. (Int -2) [potion of mutation]
 68477 | Zot:4    | Lost mutation: You are dopey. (Int -2) [potion of mutation]
 68535 | Zot:5    | Noticed an ancient lich
 68541 | Zot:5    | Killed an ancient lich
 69297 | Zot:5    | Noticed an ancient lich
 69314 | Zot:5    | Killed an ancient lich
 69345 | Zot:5    | Noticed an ancient lich
 69351 | Zot:5    | Killed an ancient lich
 69400 | Zot:5    | Noticed an ancient lich
 69401 | Zot:5    | Noticed an ancient lich
 69409 | Zot:5    | Killed an ancient lich
 69413 | Zot:5    | Killed an ancient lich
 69413 | Zot:5    | Reached skill level 15 in Dodging
 69515 | Zot:5    | Noticed an ancient lich
 69523 | Zot:5    | Killed an ancient lich
 69598 | Zot:5    | Reached XP level 27. HP: 263/319 MP: 18/18
 69908 | Zot:5    | Got a dazzling mace
 70370 | Zot:5    | Got the Orb of Zot
 70378 | Zot:5    | Noticed a seraph
 70733 | D:12     | Noticed Qaoku the pandemonium lord
 71002 | D:4      | Noticed Xeskut the pandemonium lord
 71097 | D:$      | Escaped with the Orb!

Skill      XL: |  1  2  3  4  5  6  7  8  9 10 11 12 13 14 15 16 17 18 19 20 21 22 23 24 25 26 27 |
---------------+----------------------------------------------------------------------------------+-----
Stealth        | 3 |  3.0
Fighting       | 3 4 5 6 8 9 10 11 13 15 17 19 20 | 20.3
Short Blades   | 2 3 |  3.0
Invocations    | 2 4 7 10 11 13 14 15 16 18 19 20 | 20.0
Evocations     | 1 2 4 6 7 8 9 10 11 13 15 | 15.0
Crossbows      | 1 2 6 10 11 12 14 16 18 21 24 26 | 26.0
Armour         | 1 7 9 10 12 15 17 19 21 | 21.0
Dodging        | 4 5 7 8 10 15 | 15.2
Translocations | 5 6 8 9 10 12 | 12.0
Spellcasting   | 1 2 |  2.0
Polearms       | 6 11 12 13 | 13.9
Hexes          | 3 5 |  5.0
Axes           | |  3.8

Action                   |  1- 3 |  4- 6 |  7- 9 | 10-12 | 13-15 | 16-18 | 19-21 | 22-24 | 25-27 || total
-------------------------+-------+-------+-------+-------+-------+-------+-------+-------+-------++-------
Melee: Hand axe          |    36 |    58 |    13 |       |       |       |       |       |       ||   107
       Dagger            |    70 |   117 |   242 |   142 |     7 |       |       |       |       ||   578
       Rapier            |       |     1 |   130 |       |       |       |       |       |       ||   131
       Glaive            |       |       |       |   230 |   956 |   987 |   685 |    21 |     6 ||  2885
       Halberd           |       |       |       |   232 |       |       |     3 |       |       ||   235
 Fire: Hand crossbow     |       |     7 |     4 |    30 |       |       |       |       |       ||    41
       Hunting sling     |       |       |    30 |    20 |       |       |       |       |       ||    50
       Triple crossbow   |       |       |       |    63 |   421 |   793 |   974 |  1899 |   900 ||  5050
Throw: Stone             |       |    20 |     1 |     1 |       |       |       |       |       ||    22
 Cast: Blink             |       |       |       |    10 |    24 |    16 |    15 |     2 |       ||    67
       Portal Projectile |       |       |       |       |       |     2 |       |       |       ||     2
Invok: Lesser Healing    |       |     6 |    56 |   115 |   180 |   242 |   180 |   231 |   121 ||  1131
       Heal Other        |       |       |     1 |     8 |     7 |     3 |     3 |       |       ||    22
       Greater Healing   |       |       |       |     6 |     2 |     3 |       |     1 |       ||    12
       Divine Vigour     |       |       |       |     1 |       |       |       |       |       ||     1
       Divine Protection |       |       |       |       |       |     1 |       |       |       ||     1
       Purification      |       |       |       |       |       |       |     3 |     6 |       ||     9
 Abil: Heal Wounds       |       |     2 |       |       |       |    10 |       |    18 |    40 ||    70
       Stop Flying       |       |       |       |     1 |       |       |       |       |       ||     1
       Evoke Berserk Rag |       |       |       |       |    19 |    42 |    20 |       |       ||    81
       Evoke Invisibilit |       |       |       |       |    14 |    40 |    36 |    23 |    24 ||   137
Evoke: Wand              |       |       |    16 |    44 |    39 |    43 |    22 |    33 |    13 ||   210
       Lightning rod     |       |       |       |       |       |    13 |     8 |     8 |       ||    29
       Phial of floods   |       |       |       |       |       |     3 |     9 |     8 |       ||    20
       Box of beasts     |       |       |       |       |       |       |     1 |     7 |     4 ||    12
       Lamp of fire      |       |       |       |       |       |       |     5 |    10 |     3 ||    18
  Use: Scroll            |       |     7 |     9 |    17 |    14 |    20 |    10 |     6 |    12 ||    95
       Potion            |       |       |       |       |       |     5 |     5 |    15 |    10 ||    35
 Stab: Sleeping          |     2 |     8 |     4 |     6 |     1 |       |       |       |       ||    21
       Distracted        |       |     1 |       |     1 |       |       |     3 |       |       ||     5
       Paralysed         |       |       |       |       |     5 |     9 |    13 |       |       ||    27
       Invisible         |       |       |       |       |    29 |    69 |    39 |       |     1 ||   138
  Eat: Chunk             |     1 |     5 |    16 |    39 |    82 |    76 |    76 |    28 |    17 ||   340
       Ration            |       |     1 |     2 |     2 |     5 |    19 |     6 |    14 |    15 ||    64
Armor: Robe              |    14 |       |       |       |       |       |       |       |       ||    14
       Ring mail         |    15 |    37 |     5 |       |       |       |       |       |       ||    57
       Leather armour    |       |       |   126 |   171 |    17 |       |       |       |       ||   314
       Scale mail        |       |       |       |       |    92 |       |       |       |       ||    92
       Chain mail        |       |       |       |       |   430 |   882 |       |       |       ||  1312
       Plate armour      |       |       |       |       |       |    42 |   133 |       |       ||   175
       Gold dragon scale |       |       |       |       |       |       |   846 |  1204 |   720 ||  2770
       Skin              |       |       |       |       |       |       |       |     3 |     5 ||     8
Dodge: Dodged            |    68 |    81 |   309 |   405 |   832 |  1167 |   564 |   903 |   469 ||  4798
